 Dungeon Crawl Stone Soup version 0.28-a0-1038-g9c4cb8273d (webtiles) character file.

Game seed: 14460691722016097771

1720 leviel the Carver (level 9, -11/66 HPs)
             Began as a Hill Orc Fighter on Dec 9, 2021.
             Was an Initiate of Gozag.
             Killed from afar by a gargoyle (24 damage)
             ... with a stone arrow
             ... on level 7 of the Dungeon.
             The game lasted 00:17:36 (8500 turns).

leviel the Carver (Hill Orc Fighter)                Turns: 8500, Time: 00:17:36

Health: -11/66     AC: 13    Str: 23    XL:     9   Next: 4%
Magic:  9/9        EV: 13    Int:  8    God:    Gozag
Gold:   264        SH:  4    Dex: 10    Spells: 8/8 levels left

rFire   + + .      SeeInvis .   f - +9 whip of Extermination {pain, rF+}
rCold   + + .      Faith    .   c - +0 buckler
rNeg    . . .      Spirit   .   b - +0 scale mail
rPois   +          Reflect  .   (no helmet)
rElec   +          Harm     .   (no cloak)
rCorr   +          Rampage  +   q - +2 pair of gloves
Will    .....      Rage     1%  s - +2 pair of boots {rampage}
Stlth   ..........              (no amulet)
HPRegen 0.21/turn               g - +4 ring of evasion
MPRegen 0.11/turn               (no ring)

@: resistant, invisible
A: berserk 1, cold resistance 1, frail 1
a: Renounce Religion, Potion Petition, Call Merchant, Bribe Branch


You were on level 7 of the Dungeon.
You worshipped Gozag.
Gozag was aware of your devotion.
You visited 1 branch of the dungeon, and saw 7 of its levels.

You collected 544 gold pieces.
You spent 236 gold pieces at shops.
You paid 44 gold pieces to Gozag.

Inventory:

Hand Weapons
 a - a +0 long sword
 f - the +9 whip of Extermination (weapon) {pain, rF+}
   (You found it on level 5 of the Dungeon)

   In the hands of one skilled in necromantic magic, it inflicts extra damage on
   living creatures.
   rF:        It protects you from fire.
Missiles
 h - 58 poisoned darts (quivered)
Armour
 b - a +0 scale mail (worn)
 c - a +0 buckler (worn)
 q - a +2 pair of gloves (worn)
 s - a +2 pair of boots of rampaging (worn)
Jewellery
 g - a +4 ring of evasion (left hand)
 t - an amulet of magic regeneration
Wands
 e - a wand of iceblast (19)
 i - a wand of polymorph (8)
 k - a wand of mindburst (4)
Scrolls
 l - a scroll of identify {unknown}
 n - 2 scrolls of magic mapping
 o - a scroll of fear
 p - a scroll of acquirement {unknown}
Potions
 j - a potion of mutation
 m - a potion of cancellation


   Skills:
 - Level 5.0 Fighting
 - Level 9.9 Long Blades
 + Level 4.4 Maces & Flails
 - Level 3.2 Armour
 - Level 4.0 Shields
 + Level 3.9 Necromancy


You had 8 spell levels left.
You didn't know any spells.
Your spell library contained the following spells:

 Spells                   Type           Power      Damage    Failure   Level
 Animate Skeleton         Necr           12%        N/A       22%         1
 Apportation              Tloc           0%         N/A       71%         1
 Summon Small Mammal      Summ           0%         N/A       71%         1
 Passwall                 Tmut/Erth      0%         N/A       85%         2
 Swiftness                Air            0%         N/A       97%         3


Dungeon Overview and Level Annotations

Branches:
Dungeon (7/15)             Temple (0/1) D:5

Altars:
Dithmenos
Elyvilon
Gozag
Makhleb

Shops:
D:2 [   D:7 (


Innate Abilities, Weirdness & Mutations

You tend to lose your temper in combat.
Your flesh is cold resistant. (rC+)
You are frail. (-10% HP)


Message History

Press: ? - help, Q - select action, (/) - cycle Shift-Dir - straight line, f/p - gargoyle
Aim: a gargoyle, wielding a +0 flail (chance to affect: 48%)
The gargoyle resists with some effort.
Aiming: Mindburst
Press: ? - help, Shift-Dir - straight line, f/p - gargoyle
Aim: a gargoyle, wielding a +0 flail (chance to affect: 48%)
The gargoyle resists with some effort.
Aiming: Mindburst
Press: ? - help, Shift-Dir - straight line, f/p - gargoyle
Aim: a gargoyle, wielding a +0 flail (chance to affect: 48%)
The gargoyle's mind is blasted!
The gargoyle hurls a stone arrow at you.
The stone arrow hits you!!
You rampage towards the gargoyle!
You hit the gargoyle but do no damage.
The gargoyle is heavily damaged.
The gargoyle closely misses you.
You hit the gargoyle but do no damage.
The gargoyle is heavily damaged.
The gargoyle barely misses you.
You hit the gargoyle but do no damage.
The gargoyle is heavily damaged.
The gargoyle hurls a stone arrow at you.
The stone arrow hits you!!
* * * LOW HITPOINT WARNING * * *
Okay, then.
You can't see any enemies this would affect, really read the scroll of fear?
Okay, then.
Unknown command.
Okay, then.
It was a potion of resistance.
You feel protected.
The gargoyle hits you but does no damage.
It was a potion of invisibility.
You fade into invisibility!
You block the gargoyle's attack.
The gargoyle hurls a stone arrow at something.
The stone arrow hits you!!
You die...
Your body crumbles into a pile of gold.

#≈###≈≈≈# #.#
##≈#≈#≈≈## #.#
#≈≈≈≈#≈#≈# #.#
#≈≈≈≈#≈#≈# #.#
#≈###≈≈#≈# #.# #≈#
#≈##≈# #.# ≈≈#
#≈##≈# #9# $ ≈≈#
#≈##≈# #.#
≈≈###≈##≈# #@#
#≈≈####≈≈# #.#
#≈≈## #≈≈# #.#
##≈≈# #≈≈#. #.#
#≈≈#
#≈##.#####.######
#≈≈#
#≈#...............
#≈##
#≈#..#......######
##≈####.# #......#
#≈≈#....# #......#


You could see a gargoyle.

Vanquished Creatures
  Grinder (D:3)
  A steam dragon (D:5)
  A black bear (D:5)
  2 ice beasts
  A sky beast (D:7)
  3 ogres
  2 centaurs (D:6)
  A water moccasin skeleton (D:4)
  A howler monkey (D:6)
  2 bullfrog zombies
  2 hounds (D:5)
  2 bullfrog skeletons
  2 orc priests (D:4)
  Natasha (thrice) (D:2)
  Ijyb (D:3)
  An iguana (D:3)
  An orc wizard (D:6)
  A hound skeleton (D:4)
  6 adders
  A white imp (D:5)
  A worm (D:4)
  A dart slug (D:1)
  17 orcs
  6 ball pythons
  5 bats
  7 endoplasms
  2 giant cockroaches
  8 goblins
  6 hobgoblins
  5 quokkas
  A frilled lizard (D:1)
  6 kobolds
  5 rats
105 creatures vanquished.

Vanquished Creatures (others)
  19 fungi (D:5)
19 creatures vanquished.

Grand Total: 124 creatures vanquished

Notes
Turn   | Place    | Note
-------+----------+-------------------------------------------
     0 | D:1      | leviel the Hill Orc Fighter began the quest for the Orb.
     0 | D:1      | Reached XP level 1. HP: 19/19 MP: 1/1
   265 | D:1      | Reached XP level 2. HP: 24/27 MP: 2/2
   813 | D:1      | Reached XP level 3. HP: 19/35 MP: 3/3
  1050 | D:2      | Reached skill level 5 in Fighting
  1057 | D:2      | Noticed Natasha
  1073 | D:2      | Killed Natasha
  1074 | D:2      | Reached skill level 3 in Long Blades
  1201 | D:2      | Noticed Natasha
  1236 | D:2      | HP: 1/36 [Natasha (4)]
  1237 | D:2      | Killed Natasha
  1238 | D:2      | Reached XP level 4. HP: 1/42 MP: 4/4
  1670 | D:2      | Reached skill level 4 in Long Blades
  1676 | D:2      | Noticed Natasha
  1681 | D:2      | Killed Natasha
  1826 | D:2      | Reached XP level 5. HP: 48/48 MP: 5/5
  2023 | D:2      | Found Niet's Armour Shop.
  2356 | D:3      | Noticed Grinder
  2503 | D:2      | Gained mutation: Your body sometimes deteriorates upon
                  | taking damage. [potion of mutation]
  2503 | D:2      | Gained mutation: You are dopey. (Int -2) [potion of
                  | mutation]
  2506 | D:2      | Lost mutation: You are dopey. (Int -2) [potion of mutation]
  2506 | D:2      | Lost mutation: Your body sometimes deteriorates upon taking
                  | damage. [potion of mutation]
  2506 | D:2      | Gained mutation: You are frail. (-10% HP) [potion of
                  | mutation]
  2506 | D:2      | Gained mutation: Your flesh is cold resistant. (rC+)
                  | [potion of mutation]
  2506 | D:2      | Gained mutation: You tend to lose your temper in combat.
                  | [potion of mutation]
  2551 | D:3      | Found a white marble altar of Elyvilon.
  2639 | D:3      | Noticed Ijyb
  2658 | D:3      | Killed Ijyb
  2659 | D:3      | Reached skill level 5 in Long Blades
  3301 | D:3      | Paralysed by Grinder for 3 turns
  3307 | D:3      | Killed Grinder
  3308 | D:3      | Reached skill level 7 in Long Blades
  3308 | D:3      | Reached XP level 6. HP: 7/50 MP: 6/6
  3655 | D:3      | Found a burning altar of Makhleb.
  3996 | D:4      | Reached XP level 7. HP: 10/54 MP: 7/7
  4693 | D:4      | Found an opulent altar of Gozag.
  4701 | D:4      | Became a worshipper of Gozag Ym Sagoz the Greedy
  4777 | D:4      | Reached skill level 8 in Long Blades
  5140 | D:5      | Entered Level 5 of the Dungeon
  5159 | D:5      | Noticed a steam dragon
  5168 | D:5      | HP: 2/54 [steam dragon] (8)]
  5172 | D:5      | Killed a steam dragon
  5173 | D:5      | Reached skill level 9 in Long Blades
  5173 | D:5      | Reached XP level 8. HP: 2/61 MP: 8/8
  6169 | D:5      | Found a staircase to the Ecumenical Temple.
  6502 | D:5      | Identified the +9 whip of Extermination {pain, rF+}
  6645 | D:5      | Found a shadowy altar of Dithmenos.
  6879 | D:5      | Reached skill level 1 in Maces & Flails
  6879 | D:5      | Reached skill level 1 in Necromancy
  8081 | D:2      | Bought a +2 pair of boots of rampaging for 236 gold pieces
  8434 | D:7      | Found Sappem's Weapon Emporium.
  8451 | D:7      | Reached XP level 9. HP: 66/66 MP: 9/9
  8490 | D:7      | Noticed a gargoyle
  8500 | D:7      | Killed from afar by a gargoyle

Illustrated notes

Levels and vault maps discovered:
D:1:      dpeg_arrival_long_road, layout_basic
D:2:      layout_loops_cross, serial_shops, shop, uniq_natasha
D:3:      layout_basic, lemuel_doored_altar, elyvilon_altar_4, uniq_grinder,
          uniq_ijyb
D:4:      layout_rooms, grunt_gozag_statues
D:5:      cheibrodos_quashed, layout_loops_cross,
          mainiacjoe_overflow_cross_hatched, temple_statues, feat_on_display
D:6:      layout_basic, kennysheep_small_spiral
D:7:      layout_basic, serial_shops, shop, serial_rivers,
          chequers_serial_rivers_micro_a, chequers_serial_rivers_large_b,
          chequers_serial_rivers_micro_c, chequers_serial_rivers_micro_e,
          chequers_serial_rivers_small_b, chequers_serial_rivers_marsh

Skill      XL: |  1  2  3  4  5  6  7  8 |
---------------+-------------------------+-----
Fighting       | 4 5 |  5.0
Long Blades    | 3 4 7 9 |  9.9
Shields        | 4 |  4.0
Maces & Flails | 4 |  4.4
Necromancy     | 3 |  3.9
Armour         | |  3.2

Action                   |  1- 3 |  4- 6 |  7- 9 || total
-------------------------+-------+-------+-------++-------
Melee: Long sword        |    81 |   152 |   122 ||   355
       Unarmed           |     8 |       |       ||     8
       Whip              |       |       |    80 ||    80
Evoke: Wand              |       |       |     4 ||     4
  Use: Potion            |     1 |     2 |     9 ||    12
       Scroll            |       |     3 |     2 ||     5
Armor: Scale mail        |    35 |    55 |    67 ||   157
Dodge: Dodged            |    61 |   110 |   113 ||   284
Block: Buckler           |    22 |    22 |    32 ||    76

Table legend: (Time is in decaauts)
 A = Elapsed time spent in this place.
 B = Non-inter-level travel time spent in this place.
 C = Inter-level travel time spent in this place.
 D = Time resting spent in this place.
 E = Time spent auto-exploring this place.
 F = Levels seen in this place.
 G = Mean time per level.
                   A        B        C        D        E       F      G
               +--------+--------+--------+--------+--------+-----+--------+
         Total |   8639 |   8157 |    482 |   2340 |   4758 |   7 | 1234.1 |
       Dungeon |   8639 |   8157 |    482 |   2340 |   4758 |   7 | 1234.1 |
               +--------+--------+--------+--------+--------+-----+--------+

Top non-repeatable levels by time:
     D:4: 1879 daAuts
     D:3: 1776 daAuts
     D:1: 1428 daAuts
     D:2: 1177 daAuts
     D:6: 1110 daAuts
     D:5: 969 daAuts
     D:7: 296 daAuts
